 Dungeon Crawl Stone Soup version 0.31-a0-523-g071a6c1ffa (webtiles) character file.

Game seed: 4461598039860632239

21 jasper the Changeling (level 2, -1/14 HPs)
             Began as a Spriggan Shapeshifter on Aug 11, 2023.
             Frozen to death by an endoplasm (5 damage)
             ... on level 1 of the Dungeon.
             The game lasted 00:00:45 (215 turns).

jasper the Changeling (Spriggan Shapeshifter)        Turns: 215, Time: 00:00:45

Health: -1/14      AC:  2    Str: 11    XL:     2   Next: 65%
Magic:  3/3        EV: 17    Int:  9    God:
Gold:   16         SH:  0    Dex: 15    Spells: 1/1 levels left

rFire   . . .        e - +0 short sword
rCold   . . .        (no shield)
rNeg    . . .        a - +0 animal skin
rPois   .            (helmet currently unavailable)
rElec   .            (cloak currently unavailable)
rCorr   .            (gloves unavailable)
SInv    +            (boots unavailable)
Will    .....        (no amulet)
Stlth   +            (no ring)
HPRegen 0.22/turn    (no ring)
MPRegen 0.08/turn

%: no passive effects
@: beast-form, very quick
A: beast (slay +3), very small, no large weapons, unfitting armour, see
invisible, speed 3
a: Begin Untransformation


You were on level 1 of the Dungeon.
You were a hulking beast.
You visited 1 branch of the dungeon, and saw 1 of its levels.

You collected 16 gold pieces.

Inventory:

Hand Weapons
 e - a +0 short sword (weapon)
Missiles
 f - 12 stones
Armour
 a - a +0 animal skin (worn)
Talismans
 c - a beast talisman (active)
 d - a flux talisman
Potions
 b - a potion of lignification


   Skills:
 - Level 0.7 Fighting
 - Level 2.6 Dodging
 - Level 2.4 Unarmed Combat
 + Level 5.0 Shapeshifting


You had one spell level left.
You didn't know any spells.
Your spell library was empty.

Dungeon Overview and Level Annotations

Branches:
Dungeon (1/15)

Altars:

Shops:
D:1 =


Innate Abilities, Weirdness & Mutations

You are a hulking beast.
Your limbs bulge with bestial killing power. (Slay +3)
You are very small and have problems with some larger weapons.
You are too small for most types of armour.
You have supernaturally acute eyesight. (SInv)
You cover ground extremely quickly. (Speed+++)


Message History

The giant cockroach is severely wounded.
The giant cockroach misses you.
You completely miss the giant cockroach.
The giant cockroach is severely wounded.
The endoplasm quivers. x2
The giant cockroach misses you.
You hit the giant cockroach.
The giant cockroach is almost dead.
The giant cockroach closely misses you.
You hit the giant cockroach.
You kill the giant cockroach!
Found a scroll labelled ELI WOETZOSM.
The endoplasm freezes you.
You are frozen.
You take 3 damage, and have 11/14 hp.
MASSIVE DAMAGE!!
You hit the endoplasm.
The endoplasm is lightly wounded.
The endoplasm jiggles.
The endoplasm hits you.
You take 2 damage, and have 9/14 hp.
You barely miss the endoplasm.
The endoplasm is lightly wounded.
The endoplasm barely misses you.
You barely miss the endoplasm.
The endoplasm is lightly wounded.
The endoplasm closely misses you.
You hit the endoplasm.
The endoplasm is heavily wounded.
The endoplasm misses you. The endoplasm closely misses you.
You hit the endoplasm.
You kill the endoplasm!
The endoplasm freezes you.
You are frozen.
Your Shapeshifting skill increases to level 5!
You take 2 damage, and have 7/14 hp.
You barely miss the goblin. The goblin hits you with a +0 club.
* * * LOW HITPOINT WARNING * * *
The endoplasm freezes you.
You are frozen.
You die...

##............##
##..#.#....!....
...)...........##
......#. #>.....####
..#..#.. #.........
.......# #....#.#
#......#####....†# ##
..........##..##J#..##
.#.###........##h....#
.#.###......!.###g#....#
.#.....#........#.# ##..
.####...#.##........ .#
#.#....##.#..... .#
#)###...(.##...$. .#
#.###....## #.....
.####..####.... ?....?
...#........... ..


You could see an endoplasm and a goblin.

Vanquished Creatures
  2 ball pythons (D:1)
  2 bats (D:1)
  An endoplasm (D:1)
  2 giant cockroaches (D:1)
  A goblin (D:1)
  2 hobgoblins (D:1)
  4 jackals (D:1)
  2 kobolds (D:1)
16 creatures vanquished.

Notes
Turn   | Place    | Note
-------+----------+-------------------------------------------
     0 | D:1      | jasper the Spriggan Shapeshifter began the quest for the
                  | Orb.
     0 | D:1      | Reached XP level 1. HP: 9/9 MP: 2/2
    22 | D:1      | Found Tiaf's One-of-a-Kind Rings.
   142 | D:1      | Reached XP level 2. HP: 12/14 MP: 3/3
   215 | D:1      | Reached skill level 5 in Shapeshifting
   215 | D:1      | Frozen to death by an endoplasm

Illustrated notes

Levels and vault maps discovered:
D:1:      wander_arrival_abandoned_jail, layout_rooms,
          nicolae_shop_unique_rings, minmay_misc_feat_tiny, minmay_heptomino_d4

Skill      XL: |  1  2 |
---------------+-------+-----
Shapeshifting  | 5 |  5.0
Fighting       | |  0.7
Dodging        | |  2.6
Unarmed Combat | |  2.4

Action                     || total
---------------------------++-------
  Melee: Short sword       ||    55
         Unarmed           ||     2
   Stab: Sleeping          ||     2
 Armour: Animal skin       ||     4
  Dodge: Dodged            ||    42

Table legend: (Time is in decaauts)
 A = Elapsed time spent in this place.
 B = Non-inter-level travel time spent in this place.
 C = Inter-level travel time spent in this place.
 D = Time resting spent in this place.
 E = Time spent auto-exploring this place.
 F = Levels seen in this place.
 G = Mean time per level.
                   A        B        C        D        E       F      G
               +--------+--------+--------+--------+--------+-----+--------+
         Total |    166 |    166 |      0 |      0 |     66 |   1 |  166.0 |
       Dungeon |    166 |    166 |      0 |      0 |     66 |   1 |  166.0 |
               +--------+--------+--------+--------+--------+-----+--------+

Top non-repeatable levels by time:
     D:1: 166 daAuts
